 Dungeon Crawl Stone Soup version 0.31-a0-1321-g5021b54cb2 (webtiles) character file.

Game seed: 630529150966909414

55 bmb222 the Sneak (level 4, -4/37 HPs)
             Began as a Formicid Delver on Dec 20, 2023.
             Slain by a worm (5 damage)
             ... on level 2 of the Dungeon.
             The game lasted 00:03:08 (773 turns).

bmb222 the Sneak (Formicid Delver)                   Turns: 773, Time: 00:03:09

Health: -4/37      AC:  5    Str: 25    XL:     4   Next: 14%
Magic:  4/4        EV: 17    Int:  9    God:
Gold:   49         SH:  0    Dex: 15    Spells: 3/3 levels left

rFire   . . .        a - +0 hand axe
rCold   . . .        (no shield)
rNeg    . . .        b - +0 leather armour
rPois   .            (helmet unavailable)
rElec   .            n - +1 cloak
rCorr   .            (no gloves)
SInv    +            (no boots)
Will    .....        (no amulet)
Stlth   +++          g - +5 ring of evasion
HPRegen 0.26/turn    e - +6 ring of strength
MPRegen 0.09/turn

%: no passive effects
@: no status effects
A: permanent stasis, dig shafts and tunnels, antennae 3, four strong arms
a: Dig, Shaft Self


You were on level 2 of the Dungeon.
You visited 1 branch of the dungeon, and saw 4 of its levels.

You collected 49 gold pieces.

Inventory:

Hand Weapons
 a - a +0 hand axe (weapon)
 d - a +4 short sword of speed
Missiles
 i - 8 poisoned darts
Armour
 b - a +0 leather armour (worn)
 n - a +1 cloak (worn)
Jewellery
 e - a +6 ring of strength (right hand)
 g - a +5 ring of evasion (left hand)
 k - a ring of positive energy
Talismans
 j - a beast talisman
Wands
 f - a wand of digging (3)
 m - a wand of flame (17)
Scrolls
 c - a scroll of fog
 h - a scroll of poison {unknown}
 l - a scroll of immolation {unknown}
 o - a scroll of amnesia {unknown}
Potions
 p - a potion of heal wounds {unknown}


   Skills:
 + Level 3.8 Fighting
 * Level 3.2 Axes
 + Level 1.6 Armour
 - Level 1.7 Dodging
 - Level 6.0 Stealth


You had 3 spell levels left.
You didn't know any spells.
Your spell library was empty.

Dungeon Overview and Level Annotations

Branches:
Dungeon (5/15)
 Temple: D:4-7

Altars:
Cheibriados
Gozag
Xom

Annotations:
D:2 Robin
D:4 Grinder
D:5 1 transporter


Innate Abilities, Weirdness & Mutations

You cannot be hasted, slowed, berserked, paralysed or teleported.
You can dig through walls and to a lower floor.
You have a pair of large antennae on your head. (SInv)
Your four strong arms can wield two-handed weapons with a shield.


Message History

You hit the goblin.
You kill the goblin!
You barely miss the goblin. You closely miss the goblin.
Robin's bangles clink loudly.
The goblin barely misses you. The goblin hits you with a +0 club.
* * * LOW HITPOINT WARNING * * *
You completely miss the goblin. You hit the goblin.
You kill the goblin!
You hit the goblin.
You kill the goblin!
You closely miss the goblin. The goblin closely misses you.
The goblin barely misses you. The goblin closely misses you.
Unknown command.
Okay, then.
Okay, then.
Okay, then.
You hit the goblin but do no damage. You hit the goblin. You miss the goblin.
The goblin hits you but does no damage. The goblin misses you.
The goblin hits you with a +0 dagger.
* * * LOW HITPOINT WARNING * * *
You barely miss the goblin. You hit the goblin.
You kill the goblin!
You closely miss the goblin.
The goblin no longer looks unusually strong.
Robin roars a battlecry!
The goblins go into a battle-frenzy!
The goblin hits you but does no damage. x2
Unknown command.
You closely miss the goblin. You barely miss the goblin.
You closely miss the goblin. The goblin hits you with a +0 club.
* * * LOW HITPOINT WARNING * * *
The goblin hits you with a +0 dagger.
* * * LOW HITPOINT WARNING * * *
The goblin closely misses you.
You barely miss the goblin. You closely miss the goblin. x2
You hit the worm but do no damage. The goblin misses you.
The goblin hits you with a +0 club.
* * * LOW HITPOINT WARNING * * *
The goblin hits you but does no damage. The worm bites you.
You die...

..................#
8.......##............##
.........###............
..........##............
..........###..........#
.......... ##..##.......
....... #......#.....
#.wg## #........##..
######@g# #.....##.....
#.....g#)###...........#
.$........#......#......
......g)..$........##
........).##.....###
..........##.....#
.................#
...........#####.#
.......<#.# .#


You could see a worm, Robin and 3 goblins.

Vanquished Creatures
  A gnoll (D:3)
  An adder (D:3)
  A dart slug (D:4)
  4 orcs (D:3)
  2 bats (D:3)
  3 endoplasms
  A giant cockroach (D:3)
  9 goblins (D:2)
  2 kobolds
  A ball python (D:3)
  2 frilled lizards
  A rat (D:3)
28 creatures vanquished.

Notes
Turn   | Place    | Note
-------+----------+-------------------------------------------
     0 | D:5      | bmb222 the Formicid Delver began the quest for the Orb.
     0 | D:5      | Reached XP level 1. HP: 18/18 MP: 1/1
     2 | D:5      | Found a transporter.
    29 | D:5      | Noticed an iguana
    48 | D:5      | Noticed a sleepcap
    95 | D:4      | Noticed Grinder
   103 | D:5      | Noticed an ice beast
   128 | D:5      | Found a snail-covered altar of Cheibriados.
   141 | D:5      | Noticed a phantom
   230 | D:4      | Found a shimmering altar of Xom.
   247 | D:4      | Found an opulent altar of Gozag.
   255 | D:4      | Noticed a jelly
   278 | D:4      | Noticed a jelly
   289 | D:3      | Reached XP level 2. HP: 24/24 MP: 2/2
   362 | D:3      | Reached skill level 1 in Armour
   368 | D:3      | Reached XP level 3. HP: 28/29 MP: 3/3
   757 | D:2      | Noticed Robin
   764 | D:2      | Reached XP level 4. HP: 23/37 MP: 4/4
   773 | D:2      | HP: 1/37 [goblin/+0 club (3)]
   773 | D:2      | Slain by a worm

Illustrated notes

Levels and vault maps discovered:
D:2:      layout_rooms, ebering_ecumenical_altar_ruins, basic_altar,
          dreamdust_wishing_well, uniq_robin, uniq_natasha
D:3:      layout_rooms, minmay_misc_feat_hallway
D:4:      layout_basic, mainiacjoe_overflow_cross_hatched,
          nicolae_gozag_cash_rules_everything_around_me,
          minmay_temple_entry_nine_rooms, uniq_duvessa, uniq_menkaure,
          uniq_grinder
D:5:      gammafunk_cloud_chamber, layout_rooms, slow_altar_1,
          interstate_on_off, minmay_misc_feat_enclosed, uniq_blork_the_orc

Skill      XL: |  1  2  3 |
---------------+----------+-----
Armour         | 1 |  1.6
Axes           | 3 |  3.2
Fighting       | |  3.8
Dodging        | |  1.7
Stealth        | |  6.0

Action                     |  1- 3 |  4- 6 || total
---------------------------+-------+-------++-------
  Melee: Hand axe          |    71 |     7 ||    78
Ability: Dig               |     6 |       ||     6
    Use: Scroll            |     3 |       ||     3
         Potion            |     2 |       ||     2
   Stab: Sleeping          |     4 |       ||     4
 Armour: Leather armour    |    25 |    14 ||    39
  Dodge: Dodged            |    60 |    12 ||    72

Table legend: (Time is in decaauts)
 A = Elapsed time spent in this place.
 B = Non-inter-level travel time spent in this place.
 C = Inter-level travel time spent in this place.
 D = Time resting spent in this place.
 E = Time spent auto-exploring this place.
 F = Levels seen in this place.
 G = Mean time per level.
                   A        B        C        D        E       F      G
               +--------+--------+--------+--------+--------+-----+--------+
         Total |    784 |    782 |      2 |      0 |    294 |   4 |  196.0 |
       Dungeon |    784 |    782 |      2 |      0 |    294 |   4 |  196.0 |
               +--------+--------+--------+--------+--------+-----+--------+

Top non-repeatable levels by time:
     D:3: 333 daAuts
     D:5: 171 daAuts
     D:2: 168 daAuts
     D:4: 111 daAuts
